 Dungeon Crawl Stone Soup version 0.23.2-1-ga50397a (webtiles) character file.

Game seed: 992815696402793197

49 steinardarri the Firebug (level 3, 0/28 HPs)
             Began as a Draconian Fire Elementalist on June 1, 2019.
             Slain by an orc
             ... wielding a +2 spear of chaos
              (1 damage)
             ... on level 2 of the Dungeon.
             The game lasted 00:17:08 (1478 turns).

steinardarri the Firebug (DrFE)                     Turns: 1478, Time: 00:17:09

Health: 0/28       AC:  6    Str: 10    XL:     3   Next: 53%
Magic:  4/6        EV:  6    Int: 16    God:
Gold:   118        SH:  0    Dex: 11    Spells: 3/6 levels left

rFire    . . .     SeeInvis .   a - +0 short sword
rCold    . . .     Gourm    .   (no shield)
rNeg     . . .     Faith    .   (armour unavailable)
rPois    .         Spirit   .   (helmet restricted)
rElec    .         Reflect  .   (no cloak)
rCorr    .         Harm     .   l - +0 pair of gloves
MR       .....                  (no boots)
Stlth    ++........             (no amulet)
HPRegen  0.09/turn              (no ring)
MPRegen  0.10/turn              (no ring)

@: petrifying (expiring), marked, lightly drained, very slow
A: unfitting armour, cold-blooded, AC +5
a: no special abilities


You were on level 2 of the Dungeon.
You were not hungry.

You visited 1 branch of the dungeon, and saw 2 of its levels.

You collected 118 gold pieces.

Inventory:

Hand Weapons
 a - a +0 short sword (weapon)
Missiles
 d - 22 arrows
Armour
 l - a +0 pair of gloves (worn)
Jewellery
 c - a cursed ring of teleportation {unknown}
Scrolls
 f - 3 scrolls of identify {unknown}
 g - 2 scrolls of teleportation {unknown}
 k - a scroll of magic mapping {unknown}
Potions
 e - a potion of mutation {unknown}
 h - a potion of ambrosia {unknown}
 i - a potion of invisibility {unknown}
 j - a potion of resistance {unknown}
 m - 2 potions of agility {unknown}
 o - a potion of lignification {unknown}
Comestibles
 b - 5 rations
 n - a chunk of flesh


   Skills:
 + Level 1.4(1.0) Fighting
 + Level 2.3(1.8) Dodging
 - Level 2.0(1.6) Stealth
 + Level 2.4(2.0) Spellcasting
 + Level 1.8(1.4) Conjurations
 - Level 3.0(2.5) Fire Magic


You had 3 spell levels left.
You knew the following spells:

 Your Spells              Type           Power        Failure   Level  Hunger
a - Flame Tongue          Conj/Fire      #....        9%          1    #......
b - Throw Flame           Conj/Fire      #.....       14%         2    ###....

Your spell library contained the following spells:

 Spells                   Type           Power        Failure   Level  Hunger
 Conjure Flame            Conj/Fire      #.......     26%         3    ###....
 Inner Flame              Hex/Fire       #.......     36%         3    ###....
 Sticky Flame             Conj/Fire      #.......     65%         4    #####..
 Fireball                 Conj/Fire      #.........   94%         5    ######.


Dungeon Overview and Level Annotations

Branches:
Dungeon (2/15)

Altars:


Innate Abilities, Weirdness & Mutations

Your plain brown scales are hard. (AC +5)
You cannot fit into any form of body armour.
You are cold-blooded and may be slowed by cold attacks.


Message History

A rat comes into view.
The goblin barely misses you. The orc barely misses you.
The orc hits you from afar with a +2 spear of chaos.
You are slowing down.
A gnoll comes into view. It is wielding a +0 club.
Casting: Flame Tongue (safe; 9% risk of failure)
Confirm with . or Enter, or press ? or * to list all spells.
Aiming: Throw Flame (safe; 12% risk of failure)
Press: ? - help, Shift-Dir - straight line, f - kobold
Aim: a kobold, wielding a +0 dagger of draining The puff of flame hits the kobold.
You kill the kobold!
The goblin hits you. The orc closely misses you.
A gnoll comes into view. It is wielding a +0 flail.
The gnoll barely misses you.
Your limbs are stiffening.
The goblin hits you. The gnoll hits you with a +0 flail!
* * * LOW HITPOINT WARNING * * *
The gnoll hits you but does no damage.
You feel drained.
The orc hits you from afar with a +2 spear of chaos.
You die...

......####......#
#.#...#.##
......#........##
#.##.....#
......#.###########
#.###.#..# .....<#.#
##.## ##.#...#..#
.######.# ##...##
#..........
.######.#
##.....###.#........
........#
#..)o.gg.gg.g....#.#
.########
##.ggK.#.#.#.......#
.#
##@g.##.w..†....###
## #....#..##.#..#.#
#.##.#w.##....##.#
##.......##....# ##
#........# #...#
#######.## ##..#
##.≈≈≈#..)≈.##.#
#⌠#o.≈≈#..#g#.###
#.#≈.. #≈#...⌠


You could see 6 gnolls, an orc, a goblin and a kobold.

Vanquished Creatures
  2 adders (D:2)
  An ooze (D:1)
  7 bats
  5 hobgoblins
  4 kobolds
  A quokka (D:2)
  3 frilled lizards (D:1)
  3 goblins
  3 rats
29 creatures vanquished.

Notes
Turn   | Place    | Note
-------+----------+-------------------------------------------
     0 | D:1      | steinardarri the Draconian Fire Elementalist began the
                  | quest for the Orb.
     0 | D:1      | Reached XP level 1. HP: 14/14 MP: 3/3
   348 | D:1      | Reached XP level 2. HP: 19/22 MP: 0/5
   392 | D:1      | Learned a level 2 spell: Throw Flame
   458 | D:1      | Reached skill level 1 in Fighting
  1189 | D:2      | Reached XP level 3. HP: 28/28 MP: 0/6
  1465 | D:2      | Paralysed by an orc for 3 turns
  1478 | D:2      | HP: 1/28 [gnoll/+0 flail (10)]
  1478 | D:2      | Slain by an orc

Skill      XL: |  1  2  3 |
---------------+----------+-----
Dodging        | 2 |  2.3
Fighting       | 1 |  1.4
Stealth        | 2 |  2.0
Spellcasting   | |  2.4
Conjurations   | |  1.8
Fire Magic     | |  3.0

Action                   || total
-------------------------++-------
Melee: Unarmed           ||     6
       Short sword       ||    34
       Tailslap          ||     2
 Cast: Flame Tongue      ||    24
       Throw Flame       ||    12
 Stab: Sleeping          ||     1
  Eat: Chunk             ||     3
Armor: Skin              ||    28
Dodge: Dodged            ||    54
